 Dungeon Crawl Stone Soup version 0.31-a0-145-g046c7d2549 (webtiles) character file.

Game seed: 2595085855175829958

9210 Faragor the Eclecticist (level 11, -2/54 HPs)
             Began as a Deep Elf Ice Elementalist on June 6, 2023.
             Was a Follower of Vehumet.
             Killed from afar by a steam dragon (22 damage)
             ... with a ball of steam
             ... on level 9 of the Dungeon.
             The game lasted 00:51:57 (18758 turns).

Faragor the Eclecticist (DEIE)                     Turns: 18758, Time: 00:51:58

Health: -2/54      AC: 22    Str:  5    XL:     11   Next: 20%
Magic:  32/32      EV: 14    Int: 25    God:    Vehumet [*.....]
Gold:   571        SH:  0    Dex: 15    Spells: 28/40 levels left

rFire   x . .        e - staff of cold
rCold   + + .        (no shield)
rNeg    . . .        a - +1 robe
rPois   .            u - +0 helmet
rElec   .            (no cloak)
rCorr   .            n - +0 pair of gloves
SInv    .            (no boots)
Will    +....        (no amulet)
Stlth   ++           v - +4 ring of protection
HPRegen 0.29/turn    M - ring of ice
MPRegen 0.23/turn

%: no passive effects
@: confused, ice-armoured (expiring), ambrosia-drunk
A: no striking features
a: Renounce Religion


You were on level 9 of the Dungeon.
You worshipped Vehumet.
Vehumet was aware of your devotion.
You visited 3 branches of the dungeon, and saw 11 of its levels.

You collected 571 gold pieces.

Inventory:

Hand Weapons
 c - a +0 short sword
 m - a +1 mace of holy wrath
 p - a +1 flail of protection
 C - a +2 demon whip of electrocution
Armour
 a - a +1 robe (worn)
 n - a +0 pair of gloves (worn)
 u - a +0 helmet (worn)
Magical Staves
 e - a staff of cold (weapon)
Jewellery
 h - a ring of positive energy
 v - a +4 ring of protection (left hand)
 w - a +6 ring of dexterity
 z - a ring of fire
 M - a ring of ice (right hand)
Wands
 r - a wand of polymorph (10)
 y - a wand of flame (37)
 F - a wand of roots (16)
 L - a wand of charming (2)
Scrolls
 d - 4 scrolls of vulnerability
 f - a scroll of amnesia
 g - 4 scrolls of poison
 j - 2 scrolls of identify
 o - 2 scrolls of teleportation
 s - 2 scrolls of enchant weapon
 t - a scroll of fog
 B - a scroll of fear {unknown}
 D - a scroll of noise {unknown}
 E - a scroll of magic mapping {unknown}
 H - a scroll of blinking {unknown}
 I - a scroll of acquirement {unknown}
Potions
 i - a potion of ambrosia
 l - 2 potions of mutation
 q - 3 potions of brilliance
 x - a potion of haste
 A - a potion of attraction
 G - a potion of invisibility {unknown}
 K - a potion of enlightenment {unknown}


   Skills:
 - Level 6.0 Dodging
 + Level 11.7 Stealth
 * Level 15.0 Spellcasting
 + Level 10.6 Ice Magic


You had 28 spell levels left.
You knew the following spells:

 Your Spells              Type           Power      Damage    Failure   Level
a - Freeze                Ice            100%       1d10      1%          1
b - Frozen Ramparts       Ice            100%       1d16      1%          3
c - Ozocubu's Armour      Ice            100%       N/A       1%          3
d - Summon Ice Beast      Ice/Summ       80%        N/A       3%          4
e - Sandblast             Erth           36%        2d10      3%          1

Your spell library contained the following spells:

 Spells                   Type           Power      Damage    Failure   Level
 Ensorcelled Hibernation  Hex/Ice        100%       N/A       1%          2
 Apportation              Tloc           36%        N/A       3%          1
 Necrotise                Necr           72%        1d7       3%          1
 Summon Small Mammal      Summ           72%        N/A       3%          1
 Swiftness                Air            18%        N/A       9%          3
 Vhi's Electric Charge    Tloc/Air       36%        N/A       9%          3
 Arcjolt                  Conj/Air       9%         1d19      63%         5
 Silence                  Hex/Air        9%         N/A       63%         5
 Plasma Beam              Fire/Air       9%         2x1d19    99%         6


Dungeon Overview and Level Annotations

Branches:
Dungeon (9/15)             Temple (1/1) D:5            Lair (1/5) D:8
    Orc: D:9-12

Altars:
Ashenzari
Cheibriados
Dithmenos
Elyvilon
Fedhas
Gozag
Hepliaklqana
Kikubaaqudgha
Makhleb
Nemelex Xobeh
Okawaru
Qazlal
Ru
Trog
Uskayaw
Vehumet
Wu Jian
Xom
Yredelemnul
Zin
The Shining One

Annotations:
D:7 2 transporters
D:9 Grum
Lair:1 1 runed translucent door, Faragor's ghost, journeyman DEIE


Message History

The hornet stings your ice beast!
Your ice beast closely misses the hornet.
The hornet stings your ice beast!
Casting: Freeze (safe; 1% risk of failure)
Confirm with . or Enter, or press ? or * to list all spells.
You feel a strong surge of power! A film of ice covers your body!
The steam dragon breathes steam at you. The ball of steam misses you.
The hornet closely misses your ice beast.
Your ice beast hits the hornet but does no damage.
You hear a shout! x2
You are engulfed in a cloud of scalding steam.
* * * LOW HITPOINT WARNING * * *
The hornet barely misses your ice beast.
Your ice beast misses the hornet.
The hornet stings your ice beast!
Your ice beast dies!
Your ice beast disappears in a puff of smoke!
The heat melts your icy armour.
You are engulfed in a cloud of scalding steam.
* * * LOW HITPOINT WARNING * * *
The heat melts your icy armour.
You are confused.
You feel invigorated.
The hornet is engulfed in a cloud of scalding steam. x2
The hornet closely misses you.
Unknown command.
You're too confused to cast spells.
You're too confused to cast spells.
Unknown command.
You are engulfed in a cloud of scalding steam.
A gnoll comes into view. It is wielding a +0 club.
The hornet stings you but does no damage.
The heat melts your icy armour. The hornet closely misses you.
The steam dragon bites you but does no damage.
The steam dragon barely misses you. The hornet barely misses you.
A gnoll sergeant comes into view. It is wielding a +2 spear of freezing.
The steam dragon breathes steam at you. The ball of steam hits you!!
The steam scalds you terribly!
You die...

.)......... ...#
...........#######...###
........................
..###### #..............
..# #..............
..########..............
........................
..)............y.#
####...........D@#
#.........†...###
#.....<...........
.................)....
................)......
..................g....
.......................
....................g..
............[....(..


You could see a hornet, a steam dragon (catching breath), a gnoll sergeant and a
gnoll.

Vanquished Creatures
  A two-headed ogre (D:8)
  A black mamba (Lair:1)
  A cane toad (Lair:1)
  A kobold demonologist (D:9)
  A komodo dragon (Lair:1)
  A hornet (D:9)
  A yak (Lair:1)
  A basilisk (Lair:1)
  Edmund (D:5)
  3 water moccasins
  A sky beast (D:7)
  3 black bears
  8 wolves
  2 ogres
  2 centaurs
  2 phantoms (D:4)
  3 bullfrogs
  A scorpion (D:4)
  8 killer bees
  A howler monkey (D:9)
  6 hounds
  7 jellies
  2 orc priests (D:5)
  A gnoll bouda (D:7)
  5 iguanas
  A sleepcap (D:6)
  4 scorpion zombies (D:4)
  2 hound zombies (D:4)
  11 gnolls
  7 adders
  4 white imps
  An ufetubus (D:4)
  3 adder zombies (D:4)
  An adder skeleton (D:4)
  A worm (D:2)
  4 dart slugs
  11 orcs
  7 ball pythons
  11 endoplasms
  A giant cockroach (D:1)
  9 goblins
  8 hobgoblins
  A quokka (D:2)
  4 bats
  9 kobolds
  2 rats (D:2)
166 creatures vanquished.

Vanquished Creatures (collateral kills)
  A two-headed ogre (D:8)
  A black mamba (Lair:1)
  A cane toad (Lair:1)
  2 komodo dragons (Lair:1)
  3 blink frogs (Lair:1)
  3 yaks (Lair:1)
  2 water moccasins (Lair:1)
  2 ice beasts
  2 wolves (Lair:1)
  3 killer bees (D:9)
  A howler monkey (D:9)
  2 gnolls (D:9)
23 creatures vanquished.

Grand Total: 189 creatures vanquished

Notes
Turn   | Place    | Note
-------+----------+-------------------------------------------
     0 | D:1      | Faragor the Deep Elf Ice Elementalist began the quest for
                  | the Orb.
     0 | D:1      | Reached XP level 1. HP: 10/10 MP: 6/6
   546 | D:1      | Reached XP level 2. HP: 15/15 MP: 6/8
  1739 | D:2      | Reached XP level 3. HP: 19/19 MP: 5/10
  2399 | D:2      | Learned a level 3 spell: Frozen Ramparts
  2403 | D:2      | Learned a level 3 spell: Ozocubu's Armour
  2512 | D:2      | Reached XP level 4. HP: 16/24 MP: 7/11
  2680 | D:2      | Reached skill level 4 in Spellcasting
  2682 | D:2      | Reached skill level 5 in Ice Magic
  3073 | D:2      | Found a faded altar of an unknown god.
  3282 | D:2      | Learned a level 4 spell: Summon Ice Beast
  3714 | D:3      | Reached XP level 5. HP: 27/28 MP: 4/13
  5636 | D:4      | Reached XP level 6. HP: 25/32 MP: 10/15
  5645 | D:4      | Reached skill level 5 in Spellcasting
  5973 | D:4      | Reached skill level 5 in Stealth
  6779 | D:4      | Reached skill level 5 in Dodging
  6779 | D:4      | Reached XP level 7. HP: 36/36 MP: 8/17
  6986 | D:4      | Reached skill level 6 in Spellcasting
  8046 | D:5      | Entered Level 5 of the Dungeon
  8470 | D:5      | Noticed Edmund
  8484 | D:5      | Killed Edmund
  8485 | D:5      | Reached XP level 8. HP: 23/41 MP: 3/20
  8939 | D:5      | Reached skill level 7 in Spellcasting
  9261 | D:5      | Found a staircase to the Ecumenical Temple.
  9268 | Temple   | Entered the Ecumenical Temple
  9755 | Temple   | Became a worshipper of Vehumet
 10872 | D:6      | Reached skill level 8 in Spellcasting
 12347 | D:7      | Got the Atlas of Atmospheric Ensorcelling
 12663 | D:7      | Noticed a deep elf pyromancer
 12680 | D:7      | Found a transporter.
 12693 | D:7      | Reached skill level 9 in Spellcasting
 12695 | D:7      | Reached XP level 9. HP: 16/45 MP: 13/24
 12943 | D:7      | Reached skill level 10 in Spellcasting
 13014 | D:7      | Noticed a two-headed ogre
 13023 | D:7      | Found a transporter.
 13040 | D:7      | Identified the ring of Myxkekla {rElec rPois rF+ Dex+3}
 13228 | D:7      | Noticed a manticore
 13573 | D:8      | Noticed a two-headed ogre
 13582 | D:8      | Killed a two-headed ogre
 13583 | D:8      | Reached skill level 11 in Spellcasting
 14201 | D:8      | Found a staircase to the Lair.
 14257 | D:8      | Noticed a two-headed ogre
 14267 | D:8      | Killed a two-headed ogre
 14268 | D:8      | Reached skill level 12 in Spellcasting
 14533 | Lair:1   | Entered Level 1 of the Lair of Beasts
 14742 | Lair:1   | Noticed a cane toad
 14958 | Lair:1   | Reached * piety under Vehumet
 14958 | Lair:1   | Offered knowledge of Sandblast by Vehumet.
 14959 | Lair:1   | Reached XP level 10. HP: 31/50 MP: 20/28
 15119 | Lair:1   | Reached skill level 10 in Stealth
 15439 | Lair:1   | Noticed a cane toad
 15448 | Lair:1   | Killed a cane toad
 15489 | Lair:1   | Learned a level 1 spell: Sandblast
 15865 | Lair:1   | Reached skill level 13 in Spellcasting
 16118 | Lair:1   | Reached skill level 10 in Ice Magic
 17093 | Lair:1   | Reached skill level 14 in Spellcasting
 17189 | Lair:1   | Noticed a black mamba
 17195 | Lair:1   | Killed a black mamba
 17310 | Lair:1   | Found a runed translucent door.
 17314 | Lair:1   | Noticed Faragor's ghost (journeyman DEIE)
 17320 | Lair:1   | Identified the +1 spear of Rumas {spect, rC+ Int+4}
 17334 | Lair:1   | Noticed a black mamba
 17341 | Lair:1   | Killed a black mamba
 17350 | Lair:1   | Reached XP level 11. HP: 50/54 MP: 16/31
 18450 | Lair:1   | Noticed a spriggan rider
 18626 | D:9      | Noticed Grum
 18704 | D:9      | Reached skill level 15 in Spellcasting
 18754 | D:9      | HP: 2/54 [something] (9)]
 18758 | D:9      | Killed from afar by a steam dragon

Illustrated notes

Levels and vault maps discovered:
D:1:      tarquinn_simple_flora_water_f, layout_loops_ring
D:2:      layout_loops_ring, ebering_ecumenical_altar_webs
D:3:      layout_basic
D:4:      layout_loops_corners, serial_undead, serial_undead_f, serial_undead_e,
          serial_undead_c, serial_undead_e, serial_undead_a, serial_undead_b,
          serial_undead_c
D:5:      layout_loops_ring, minmay_temple_entry_arrows, uniq_edmund
D:6:      layout_rooms, grunt_ministairs_8, hangedman_decor_riveting
D:7:      gammafunk_the_bubble [the_bubble_gammafunk_crates], layout_basic,
          nicolae_ossuary_entry_plus
D:8:      layout_loops_ring, dpeg_oklobed_lair, serial_glass, glass_columns_c,
          glass_columns_a, glass_columns_a, glass_columns_a, glass_columns_a,
          glass_columns_b, glass_columns_c, glass_columns_a
D:9:      layout_long_grid, minmay_ruined_shrine, uniq_grum
Temple:   nicolae_temple_the_god_donut
Lair:1:   layout_hall_layers, ebering_ghost_funeral_grove,
          nicolae_volcano_entry_hallway

Skill      XL: |  1  2  3  4  5  6  7  8  9 10 11 |
---------------+----------------------------------+-----
Stealth        | 3 4 5 6 8 9 11 | 11.7
Dodging        | 3 4 5 6 |  6.0
Spellcasting   | 4 5 6 9 12 14 15 | 15.0
Ice Magic      | 5 6 7 9 10 | 10.6

Action                     |  1- 3 |  4- 6 |  7- 9 | 10-12 || total
---------------------------+-------+-------+-------+-------++-------
  Melee: Short sword       |     7 |     3 |       |       ||    10
         Mace              |       |    79 |    26 |       ||   105
         Punch             |       |     1 |     1 |       ||     2
         Flail             |       |       |    57 |       ||    57
         Staff             |       |       |    13 |       ||    13
   Cast: Freeze            |    50 |    56 |    73 |    54 ||   233
         Frozen Ramparts   |       |    15 |    18 |     9 ||    42
         Ozocubu's Armour  |       |    10 |    25 |    13 ||    48
         Summon Ice Beast  |       |       |     9 |    18 ||    27
         Sandblast         |       |       |       |     6 ||     6
  Evoke: Wand              |       |       |       |     1 ||     1
    Use: Scroll            |     2 |       |    13 |     1 ||    16
         Potion            |       |       |       |     6 ||     6
 Armour: Robe              |    12 |    53 |    74 |    85 ||   224
         Skin              |       |       |       |    12 ||    12
  Dodge: Dodged            |    32 |   132 |   146 |   159 ||   469

Table legend: (Time is in decaauts)
 A = Elapsed time spent in this place.
 B = Non-inter-level travel time spent in this place.
 C = Inter-level travel time spent in this place.
 D = Time resting spent in this place.
 E = Time spent auto-exploring this place.
 F = Levels seen in this place.
 G = Mean time per level.
                   A        B        C        D        E       F      G
               +--------+--------+--------+--------+--------+-----+--------+
         Total |  18828 |  18534 |    294 |  11501 |   4334 |  11 | 1711.6 |
       Dungeon |  14343 |  14100 |    243 |   8553 |   3463 |   9 | 1593.7 |
        Temple |    509 |    509 |      0 |    163 |      0 |   1 |  509.0 |
          Lair |   3974 |   3923 |     51 |   2785 |    871 |   1 | 3974.0 |
               +--------+--------+--------+--------+--------+-----+--------+

Top non-repeatable levels by time:
  Lair:1: 3974 daAuts
     D:4: 2864 daAuts
     D:6: 2188 daAuts
     D:3: 1931 daAuts
     D:1: 1730 daAuts
     D:2: 1559 daAuts
     D:5: 1519 daAuts
     D:8: 1266 daAuts
     D:7: 1142 daAuts
  Temple: 509 daAuts
     D:9: 139 daAuts
